 Dungeon Crawl Stone Soup version 0.18-a0-1435-gee79d65 (webtiles) character file.

39 Duffy the Magician (level 3, 0/24 HPs)
             Began as a Demonspawn Fire Elementalist on Feb 29, 2016.
             Succumbed to an adder's poison
             ... on level 3 of the Dungeon.
             The game lasted 00:01:08 (1078 turns).

Duffy the Magician (Demonspawn Fire Elementalist)   Turns: 1078, Time: 00:01:08

Health: 0/24       AC:  4    Str:  8    XL:     3   Next: 28%
Magic:  7/7        EV: 12    Int: 17    God:
Gold:   87         SH:  0    Dex: 13    Spells: 1 memorised, 6 levels left

rFire  . . .     SeeInvis .     f - +0 spear
rCold  . . .     Gourm    .     a - +0 robe
rNeg   . . .     Faith    .     (no shield)
rPois  .         Spirit   .     (no helmet)
rElec  .         Dismiss  .     (no cloak)
rCorr  .         Reflect  .     (no gloves)
SustAt .         Harm     .     (no boots)
MR     .....                    (no amulet)
Stlth  ++........               (no ring)
                                (no ring)

@: lethally poisoned (0 -> -5), not resistant to hostile enchantments,
unstealthy
A: thin metallic scales 1
a: no special abilities


You were on level 3 of the Dungeon.
You were not hungry.

You visited 1 branch of the dungeon, and saw 3 of its levels.

You collected 87 gold pieces.


Innate Abilities, Weirdness & Mutations

You are partially covered in thin metallic scales (AC +2).


   Skills:
 - Level 1.7 Dodging
 - Level 1.7 Stealth
 + Level 2.9 Spellcasting
 + Level 2.2 Conjurations
 - Level 2.6 Fire Magic


You had 6 spell levels left.
You knew the following spells:

 Your Spells              Type           Power        Failure   Level  Hunger
a - Flame Tongue          Conj/Fire      ##...        10%         1    None

Inventory:

Hand Weapons
 f - a +0 spear (weapon)
Armour
 a - a +0 robe (worn)
Scrolls
 d - a scroll of immolation {unknown}
 g - a scroll of enchant armour {unknown}
 h - 2 scrolls of amnesia {unknown}
 j - a scroll of enchant weapon {unknown}
Potions
 e - a potion of agility {unknown}
 i - a potion of degeneration {unknown}
Books
 b - a book of Flames
Comestibles
 c - 4 bread rations
 k - a slice of pizza

Dungeon Overview and Level Annotations

Branches:
Dungeon (3/15)

Altars:


Message History

You are too injured to fight recklessly!
You are too injured to fight recklessly!
You are too injured to fight recklessly!
You are too injured to fight recklessly!
You are too injured to fight recklessly!
You are too injured to fight recklessly!
You are too injured to fight recklessly!
You are too injured to fight recklessly!
You are too injured to fight recklessly!
You are too injured to fight recklessly!
You are too injured to fight recklessly!
You barely miss the adder.
The adder is heavily wounded.
You feel sick. The adder bites you.
You hit the adder.
The adder is severely wounded.
You feel sick. The adder barely misses you. x2
You barely miss the adder.
The adder is severely wounded.
The adder barely misses you.
You hit the adder.
You kill the adder!
You feel sick.
You feel sick.
You feel sick.
Found a slice of pizza and 10 gold pieces.
Unknown command.
Unknown command.
You feel sick.
Found a dark potion.
You feel sick.
You see here a slice of pizza.
k - a slice of pizza You feel sick.
You die...

. ##... . ....#..
.###.#..#....
..............
.P..P........##########
7..P7 7P..............
7..P7 7P.....$....!.#
7...777P............#
...P..P...##....@...###
..........##............
PP.PPP....##........####
7P..777...##$.......#
7...7 7P..#.........#
7...7 7.............#
P..P.PP..##.........#
.......(..#.#.#.......
PP........#.#.#######.


There were no monsters in sight!

Action                   || total
-------------------------++-------
Melee: Spear             ||    65
 Cast: Flame Tongue      ||    13
 Stab: Sleeping          ||     2
  Eat: Chunk             ||     1

Notes
Turn   | Place    | Note
--------------------------------------------------------------
     0 | D:1      | Duffy the Demonspawn Fire Elementalist began the quest for the Orb.
     0 | D:1      | Reached XP level 1. HP: 13/13 MP: 3/3
   204 | D:1      | Gained mutation: You are partially covered in thin metallic scales (AC +2). [demonic ancestry]
   204 | D:1      | Reached XP level 2. HP: 19/19 MP: 1/5
   844 | D:3      | Reached skill level 2 in Conjurations
   952 | D:3      | Reached XP level 3. HP: 24/24 MP: 7/7
  1078 | D:3      | Succumbed to an adder's poison

Vault maps used:
D:1:      roderic_crossed_star, supply_closet_lemuel
D:2:      first_bread
D:3:      kennysheep_boxes, uniq_grinder, uniq_crazy_yiuf_cottage, uniq_purgy

Vanquished Creatures
  An adder
  2 dart slugs
  2 giant geckos
  3 bats
  3 goblins
  4 hobgoblins
  2 jackals
  A quokka
  A giant newt
  2 kobolds
  A rat
22 creatures vanquished.
